 Dungeon Crawl Stone Soup version 0.24.0-125-gc4c63601f3 (webtiles) character file.

Game seed: 12238779222481195996, levelgen mode: deterministic

423 DavidChitty2 the Distorting Demonspawn (level 6, -2/72 HPs)
             Began as a Demonspawn Abyssal Knight on Mar 9, 2020.
             Was a Believer of Lugonu.
             Splashed by Pikel's acid (6 damage)
             ... on level 3 of the Dungeon.
             The game lasted 00:08:49 (3406 turns).

DavidChitty2 the Distorting Demonspawn (DsAK)       Turns: 3406, Time: 00:08:50

Health: -2/72      AC: 23    Str: 14    XL:     6   Next: 63%
Magic:  9/9        EV:  2    Int: 14    God:    Lugonu [**....]
Gold:   140        SH:  0    Dex: 12    Spells: 5/5 levels left

rFire    + . .     SeeInvis .   a - +1 falchion
rCold    . . .     Gourm    .   (no shield)
rNeg     + + +     Faith    .   (armour currently unavailable)
rPois    +         Spirit   .   (helmet currently unavailable)
rElec    .         Reflect  .   (cloak currently unavailable)
rCorr    +         Harm     .   (gloves currently unavailable)
MR       .....     NoTele   +   (boots currently unavailable)
Stlth    +.........             p - amulet of regeneration
HPRegen  0.62/turn              i - ring of protection from fire
MPRegen  0.11/turn              j - ring of resist corrosion

@: tree-form
A: powered by death 2
a: Depart the Abyss, Bend Space, Renounce Religion


You were on level 3 of the Dungeon.
You worshipped Lugonu.
Lugonu was pleased with you.
You were not hungry.
You were a tree.
You visited 1 branch of the dungeon, and saw 4 of its levels.
You visited the Abyss 1 time.

You collected 140 gold pieces.

Inventory:

Hand Weapons
 a - a +1 falchion (weapon)
Missiles
 f - 12 poisoned darts (quivered)
Armour
 q - a +1 scale mail (melded)
   (You took it off a goblin on level 3 of the Dungeon)
Jewellery
 h - an uncursed ring of ice
   (You found it on level 1 of the Dungeon)
 i - a ring of protection from fire (left branch)
   (You found it on level 1 of the Abyss)
 j - a ring of resist corrosion (right branch)
   (You found it on level 1 of the Dungeon)
 p - an amulet of regeneration (around neck)
   (You took it off a goblin on level 3 of the Dungeon)
Wands
 t - a wand of flame (21)
   (You found it on level 3 of the Dungeon)
Scrolls
 d - a scroll of immolation {!r}
 o - 2 scrolls of remove curse {@r2}
Potions
 c - a potion of brilliance {unknown}
 g - 3 potions of might {unknown}
 k - a potion of flight {unknown}
 m - a potion of lignification {!q}
 n - a potion of magic {unknown}
Comestibles
 b - a chunk of flesh
 e - 4 rations {!d}


   Skills:
 + Level 4.0 Fighting
 * Level 4.0 Long Blades
 + Level 3.0 Armour
 + Level 2.6 Dodging
 + Level 4.3 Invocations


You had 5 spell levels left.
You didn't know any spells.
Your spell library was empty.

Dungeon Overview and Level Annotations

Branches:
Dungeon (4/15)
 Temple: D:4-7

Altars:
Kikubaaqudgha
Trog

Annotations:
D:3 Pikel


Innate Abilities, Weirdness & Mutations

((You have hoof-like feet.))
You regenerate health from kills.


Message History

Found a falchion.
Found 16 gold pieces.
Found a ration.
Found an escape hatch in the floor.
Found a trident.
You now have 140 gold pieces (gained 16).
e - 4 rations {!d} (gained 1) 4 slaves come into view.
The slave shouts! x2; You hear a shout!
The slave moves out of view.
Pikel the Slaver comes into view.
He is wielding a +1 whip of electrocution and carrying a wand of acid (9).
Pikel moves out of view.
Found a whip.
There is a stone staircase leading up here.
You hit the slave. Your kick misses the slave. The slave hits you.
You hit the slave.
You climb upwards.
There is a stone staircase leading down here.
You hit Pikel. Your kick misses Pikel.
Pikel zaps a wand.
The bolt of acid hits you! You resist.
You are splashed with acid.
You resist.
Pikel zaps a wand.
The bolt of acid misses you.
Okay, then.
You hit Pikel. You kick Pikel, but do no damage.
Pikel zaps a wand.
The bolt of acid hits you! You resist.
You are splashed with acid!
You resist.
* * * LOW HITPOINT WARNING * * *
It was a potion of lignification.
You turn into a tree.
Your +1 scale mail melds into your body.
Your roots penetrate the ground.
Pikel hits you but does no damage.
You hit Pikel.
Pikel says, "You'll fetch a fair price!"
Pikel hits you but does no damage.
You are electrocuted!
* * * LOW HITPOINT WARNING * * *
You barely miss Pikel.
Pikel zaps a wand.
The bolt of acid hits you. You resist.
* * * LOW HITPOINT WARNING * * *
You are splashed with acid!
You resist.
* * * LOW HITPOINT WARNING * * *
You hit Pikel.
Pikel hits you with a +1 whip of electrocution.
* * * LOW HITPOINT WARNING * * *
You closely miss Pikel.
Pikel zaps a wand.
The bolt of acid hits you but does no damage.
You are splashed with acid.
You resist.
You die...

.........######### #.#
.................####.########
.................)...........#
..............[.<............#
................).#..........#
#................##..........#
#................####.########
#..............K..# #.#
#########.......♣.###.# .##
###.##.##.#...#.# ..#
#...##.##.....#.#
#.#####.###..########.#
#.......# #.## #.#
#.......###.# #.#
.........##.# #.#
.........##.# ######.#
.........##.# #...##.#


You could see Pikel.

Vanquished Creatures
  Sigmund (D:3)
  An orc priest (D:3)
  Natasha (thrice) (D:3)
  A gnoll (D:1)
  7 adders
  An ooze (D:3)
  An adder skeleton (D:2)
  A worm (D:2)
  2 dart slugs (D:1)
  A leopard gecko (D:3)
  6 orcs
  A ball python (D:1)
  5 giant cockroaches
  9 goblins
  4 hobgoblins
  7 jackals
  3 quokkas
  6 bats
  2 frilled lizards (D:1)
  5 kobolds
  7 rats
74 creatures vanquished.

Notes
Turn   | Place    | Note
-------+----------+-------------------------------------------
     0 | Abyss:1  | DavidChitty2 the Demonspawn Abyssal Knight began the quest
                  | for the Orb.
     0 | Abyss:1  | Reached XP level 1. HP: 18/18 MP: 2/2
    22 | Abyss:1  | Found a roughly hewn altar of Beogh.
    23 | Abyss:1  | Found a corrupted altar of Lugonu.
    44 | Abyss:1  | Noticed a smoke demon
    47 | D:1      | Escaped the Abyss
    84 | D:1      | Reached skill level 1 in Dodging
    84 | D:1      | Gained mutation: You regenerate a little health from kills.
                  | [demonic ancestry]
    84 | D:1      | Reached XP level 2. HP: 18/24 MP: 4/4
   236 | D:1      | Reached * piety under Lugonu
   532 | D:1      | Gained mutation: You have large cloven feet. [demonic
                  | ancestry]
   532 | D:1      | Reached XP level 3. HP: 28/29 MP: 5/5
   892 | D:2      | Gained mutation: You regenerate health from kills. [demonic
                  | ancestry]
   892 | D:2      | Reached XP level 4. HP: 20/35 MP: 6/6
  1337 | D:2      | Found an ancient bone altar of Kikubaaqudgha.
  1564 | D:3      | Noticed Natasha
  1576 | D:3      | Killed Natasha
  1576 | D:3      | Reached ** piety under Lugonu
  1576 | D:3      | Reached XP level 5. HP: 20/41 MP: 7/7
  2026 | D:3      | Noticed Sigmund
  2252 | D:3      | Killed Sigmund
  2252 | D:3      | Gained mutation: You have hoof-like feet. [demonic
                  | ancestry]
  2252 | D:3      | Reached XP level 6. HP: 19/48 MP: 7/9
  2482 | D:3      | Noticed Natasha
  2491 | D:3      | Killed Natasha
  2568 | D:3      | Noticed Natasha
  2757 | D:3      | Killed Natasha
  2884 | D:3      | Found a bloodstained altar of Trog.
  3369 | D:4      | Noticed a slave
  3369 | D:4      | Noticed a slave
  3369 | D:4      | Noticed a slave
  3369 | D:4      | Noticed a slave
  3370 | D:4      | Noticed Pikel
  3405 | D:3      | HP: 3/72 [Pikel/+1 whip of electrocution (4)]
  3406 | D:3      | Splashed by Pikel's acid

Levels and vault maps discovered:
D:1:      lightli_arrival_isolated_outpost, layout_basic
D:2:      layout_basic, lemuel_statue_altar
D:3:      layout_rooms, trog_book, uniq_natasha, uniq_sigmund
D:4:      layout_basic, minmay_temple_entry_slanted, serial_glass,
          glass_columns_c, glass_columns_b, due_unseen_surprise,
          minmay_strange_pillars, first_ration, uniq_pikel

Skill      XL: |  1  2  3  4  5  6 |
---------------+-------------------+-----
Long Blades    | 2 3 4 |  4.0
Dodging        | 1 2 |  2.6
Armour         | 2 3 |  3.0
Invocations    | 3 4 |  4.3
Fighting       | 4 |  4.0

Action                   |  1- 3 |  4- 6 || total
-------------------------+-------+-------++-------
Melee: Falchion          |    87 |   146 ||   233
       Kick              |    13 |    35 ||    48
Invok: Depart the Abyss  |     1 |       ||     1
  Use: Scroll            |       |     3 ||     3
       Potion            |       |     1 ||     1
 Stab: Sleeping          |     1 |       ||     1
  Eat: Chunk             |       |     8 ||     8
Armor: Leather armour    |    34 |     5 ||    39
       Ring mail         |       |    17 ||    17
       Scale mail        |       |    22 ||    22
       Skin              |       |     3 ||     3
Dodge: Dodged            |    65 |    88 ||   153
       Rpst.: Falchion   |    19 |    30 ||    49
